Cogmind - Beta 16 *** ADVENTURER MODE // 2026.01.07 @ 21:30:16 Player: Jeans TV Result: Destroyed by NJ-LQ8(R) with Subdweller Shrapnel Launcher Performance ------------- Evolutions (0) 0 Regions Visited (2) 400 Robots Destroyed (2) 10 Value Destroyed (74) 74 Prototype IDs (0) 0 Alien Tech Used (0) 0 Bonus (0) 0 TOTAL SCORE: 484 Bonus ------- None Cogmind --------- Core Integrity 0/250 Matter 300/300 Energy 250/250 System Corruption 0% Temperature Cool (0) Movement Core (750) Ox14 Location -10/Subcaves Parts ------- > --- POWER (1) -------- Ion Engine > --- PROPULSION (2) --- (None) > --- UTILITY (2) ------ Large Storage Unit Large Storage Unit > --- WEAPON (2) ------- (None) > --- INVENTORY (15) --- Improved Heat Sink Small Storage Unit Medium Storage Unit Medium Storage Unit Beam Cannon Peak State ------------ > --- POWER ------------ Light Ion Engine > --- PROPULSION ------- Wheel Compact Wheel > --- UTILITY ---------- Small Storage Unit Large Storage Unit > --- WEAPON ----------- Medium Laser Small Laser > --- INVENTORY -------- Ion Engine Large Storage Unit Small Laser [Rating: 7] Favorites ----------- Power Light Ion Engine Engine Light Ion Engine Propulsion Wheel Wheel Wheel Utility Large Storage Unit Storage Large Storage Unit Weapon Small Laser Energy Gun Small Laser Build | -11 -10 -10 ------- Run | Yrd Mat Sub Slots Evolved . | . . . Power . | . . . Propulsion . | . . . Utility . | . . . Weapon . | . . . Parts Attached 10 | 6 2 2 Power 2 | 1 . 1 Engine 2 | 1 . 1 Core . | . . . Reactor . | . . . Propulsion 2 | 2 . . Treads . | . . . Leg . | . . . Wheel 2 | 2 . . Hover . | . . . Flight . | . . . Utility 3 | 1 2 . Device . | . . . Storage 3 | 1 2 . Processor . | . . . Hackware . | . . . Protection . | . . . Artifact . | . . . Weapon 3 | 2 . 1 Energy Gun 3 | 2 . 1 Energy Cannon . | . . . Ballistic Gun . | . . . Ballistic Cannon . | . . . Launcher . | . . . Special Weapon . | . . . Impact Weapon . | . . . Slashing Weapon . | . . . Piercing Weapon . | . . . Special Melee Weapon . | . . . Unidentified Prototypes . | . . . Parts Lost 6 | . . 6 Power 1 | . . 1 Propulsion 2 | . . 2 Utility . | . . . Weapon 3 | . . 3 Highest Loss Streak 3 | . . 3 To Critical Strikes . | . . . Average Backups 4 | 3 4 5 Power . | 1 1 . Propulsion . | . . . Utility 2 | . 1 3 Weapon 1 | 1 1 1 Tool/Special . | . . . Unused Backups 4 | . . 4 Power . | . . . Propulsion . | . . . Utility 3 | . . 3 Weapon 1 | . . 1 Tool/Special . | . . . Average Slot Usage (%) 94 | . 95 94 Engine 12 | . 14 12 Wheel 27 | . 28 27 Storage 26 | . 23 28 Energy Gun 25 | . 28 24 Peak Build Rating 7 | 6 7 7 Average Rating 6 | 2 6 6 On Entrance 4 | . 6 7 Avg Prop Armor Cover (%) . | . . . Naked Turns . | . . . Heaviest Build 47 | 11 46 47 Greatest Support 26 | 26 26 26 Greatest Overweight (x) 14 | 1 1 14 Average Overweight (x) . | . . 1 Largest Inventory Capacity 15 | 8 15 15 Average Capacity 13 | 7 13 15 Most Carried 7 | 7 6 6 Average Carried 5 | 3 4 5 Final Capacity 15 | 8 15 15 Final Carried 6 | 2 6 5 Class Distribution -------------------- 100% | Mutant Dominant Class ---------------- Mutant | -10/Materials Mutant | -10/Subcaves Resources | -11 -10 -10 ----------- Run | Yrd Mat Sub Matter Collected 300 | 260 20 20 Remotely . | . . . Salvage Created 93 | . 48 45 Parts 4 | . 2 2 Haulers Intercepted . | . . . Recyclers Shooed . | . . . Parts Field Recycled . | . . . Retrieved Matter . | . . . Parts Self-Destructed 7 | . . 7 Prevented . | . . . Parts Restored . | . . . Kills | -11 -10 -10 ------- Run | Yrd Mat Sub Combat Hostiles Destroyed 2 | . 1 1 Guns 2 | . 1 1 Classes Destroyed 2 | . 1 1 Grunt 1 | . 1 . Subdweller 1 | . . 1 Best Kill Streak 1 | . 1 1 Combat Bots Only 1 | . 1 1 Max Kills in Single Turn 1 | . 1 1 Gunslinging . | . . . Exploded . | . . . Melee . | . . . Uniques/NPCs Destroyed . | . . . Combat | -11 -10 -10 -------- Run | Yrd Mat Sub Hostile Shots Fired 67 | . 4 63 Missed 25 | . 1 24 Hits 42 | . 3 39 Projectile 42 | . 3 39 AOE 5 | . . 5 Damage Taken 761 | . 25 736 Core 277 | . 8 269 Absorbed by Shields . | . . . Ignored by Resistances 215 | . 9 206 Core Remaining (%) 100 | 100 . . Volleys Fired 24 | . 3 21 Largest 2 | . 2 2 Hottest 90 | . 90 90 Shots Fired 48 | . 6 42 Gun 48 | . 6 42 Cannon . | . . . Launcher . | . . . Special . | . . . Kinetic . | . . . Thermal 48 | . 6 42 Explosive . | . . . Electromagnetic . | . . . Robot Hit Streak 18 | . 2 18 Robot Miss Streak 1 | . 1 1 Penetration Max . | . . . Secondary Targets . | . . . Shots Hit Robots 41 | . 3 38 Core Hits 5 | . 2 3 Critical Kills . | . . . Critical Parts Destroyed . | . . . Critical Strikes 1 | . . 1 Burn 1 | . . 1 Melee Attacks . | . . . Impact . | . . . Slashing . | . . . Piercing . | . . . Sneak Attacks . | . . . Combat Hostiles . | . . . Follow-up Attacks . | . . . Damage Inflicted 144 | . 35 109 Guns 144 | . 35 109 Cannons . | . . . Explosions . | . . . Melee . | . . . Ramming . | . . . Kinetic . | . . . Thermal 144 | . 35 109 Explosive . | . . . Electromagnetic . | . . . Impact . | . . . Slashing . | . . . Piercing . | . . . Highest Corruption . | . . . Average Corruption . | . . . Corruption Purged . | . . . Corruption Blocked . | . . . Overload Shots . | . . . Overflow Damage . | . . . Projectiles . | . . . Explosions . | . . . Melee . | . . . Knockbacks . | . . . Impact . | . . . Kinetic . | . . . Secondary . | . . . Self-Inflicted Damage . | . . . Shots . | . . . Rammed . | . . . Targets Rammed . | . . . Kicked . | . . . Crushed . | . . . Highest Temperature 102 | . 102 . Average Temperature 52 | . 52 . Received Heat Transfer 24 | . 18 6 Siege Activations . | . . . Martial Activations . | . . . Shielding Activations . | . . . Robots Disrupted . | . . . Combat Hostiles . | . . . Robots Corrupted . | . . . Combat Hostiles . | . . . Parts Fried . | . . . Impact Corruptions . | . . . Robots Melted . | . . . Combat Hostiles . | . . . Parts Melted . | . . . Heat Transferred 447 | . 99 348 Parts Sabotaged . | . . . Parts Stolen . | . . . Parts Stripped . | . . . Power Chain Reactions . | . . . Alert | -11 -10 -10 ------- Run | Yrd Mat Sub Maximum Alert Level . | . . . Low Security (%) 100 | 100 100 . Level 1 . | . . . Level 2 . | . . . Level 3 . | . . . Level 4 . | . . . Level 5 . | . . . High Security . | . . . Max Security . | . . . Peak Influence 35 | . 35 . Initial . | . . . Average 5 | . 6 . Influence Increases 45 | . 45 . Destroy 0b10 Robot/C 20 | . 20 . Destroy Leader 10 | . 10 . Lose Combat Pursuer 15 | . 15 . Influence Decreases 45 | . 40 5 Entered New Map 3 | . . 3 Time Decay 42 | . 40 2 Squads Dispatched 1 | . 1 . Investigation 1 | . 1 . Extermination . | . . . Reinforcement . | . . . Assault . | . . . Garrison . | . . . Intercept . | . . . Searches Triggered . | . . . Construction Impeded . | . . . Haulers Reinforced . | . . . Active Scanning Responses . | . . . Cargo Convoy Interrupts . | . . . Stealth | -11 -10 -10 --------- Run | Yrd Mat Sub Distress Signals 3 | . 3 . Communications Jammed . | . . . Distress Signals . | . . . Times Spotted 12 | . 3 9 Peak Tracking Total 5 | . 2 5 Tactical Retreats 1 | . 1 . Traps | -11 -10 -10 ------- Run | Yrd Mat Sub Traps Triggered . | . . . Indirectly . | . . . Trap Hack Attempts . | . . . Triggered . | . . . Disarmed . | . . . Reprogrammed . | . . . Reused . | . . . Traps Extracted . | . . . Installed . | . . . Triggered . | . . . Machines | -11 -10 -10 ---------- Run | Yrd Mat Sub Machines Disabled . | . . . Max in Single Turn . | . . . Machines Repaired . | . . . Machines Dismantled . | . . . Machines Sabotaged . | . . . Overloaded Fab Kills . | . . . Hacking | -11 -10 -10 --------- Run | Yrd Mat Sub Machines Accessed 2 | . 2 . Terminals 2 | . 2 . Fabricators . | . . . Repair Stations . | . . . Recycling Units . | . . . Scanalyzers . | . . . Garrison Access . | . . . Total Hacks 8 | . 8 . Successful 4 | . 4 . Failed 4 | . 4 . Catastrophic . | . . . Database Lockouts . | . . . Manual . | . . . Terminals 8 | . 8 . Fabricators . | . . . Repair Stations . | . . . Recycling Units . | . . . Scanalyzers . | . . . Garrison Access . | . . . Terminal Hacks 4 | . 4 . Record 4 | . 4 . Fabricator Hacks . | . . . Repair Station Hacks . | . . . Recycling Unit Hacks . | . . . Scanalyzer . | . . . Garrison Access Hacks . | . . . Unauthorized Hacks . | . . . Terminals . | . . . Fabricators . | . . . Repair Stations . | . . . Recycling Units . | . . . Scanalyzers . | . . . Garrison Access . | . . . Data Cores Recovered . | . . . Used . | . . . Hacking Detections 2 | . 2 . Full Trace Events 1 | . 1 . Feedback Events . | . . . Feedback Blocked . | . . . Robot Schematics Acquired . | . . . Robots Built . | . . . Authchips . | . . . Time . | . . . Total Robot Build Rating . | . . . Part Schematics Acquired . | . . . Parts Built . | . . . Authchips . | . . . Time . | . . . Total Part Build Rating . | . . . Part Studies Acquired . | . . . Parts Repaired . | . . . Time . | . . . Parts Recycled . | . . . Recycled Matter . | . . . Retrieved Matter . | . . . Retrieved Components . | . . . Parts Scanalyzed . | . . . Part Schematics Acquired . | . . . Parts Damaged . | . . . Bothacking | -11 -10 -10 ------------ Run | Yrd Mat Sub Used RIF Installer . | . . . Robots Hacked . | . . . Non-combat . | . . . Combat . | . . . Robot Hacks Applied . | . . . Relay Couplers Released . | . . . Fabnet Peak Effective % . | . . . Robots Rewired . | . . . Allies Hacked . | . . . Hacks Repelled . | . . . Allies | -11 -10 -10 -------- Run | Yrd Mat Sub Total Allies . | . . . Largest Group . | . . . Highest-Rated Group . | . . . Highest-Rated Ally . | . . . Total Orders . | . . . Ally Attacks . | . . . Total Damage . | . . . Kills . | . . . Allies Corrupted . | . . . Allies Melted . | . . . Intel | -11 -10 -10 ------- Run | Yrd Mat Sub Active Infowar (turns) . | . . . Robot Analysis Total . | . . . Derelict Logs Recovered 1 | . . 1 Drone Launches . | . . . Drone Recoveries . | . . . Exploration | -11 -10 -10 ------------- Run | Yrd Mat Sub Turns Passed 539 | 39 168 332 Spaces Moved 376 | 35 142 199 Core 20 | 19 . 1 Treads . | . . . Legs . | . . . Wheels 356 | 16 142 198 Hover . | . . . Flight . | . . . Fastest Speed 50 | 50 90 105 Average Speed 102 | 74 100 108 Slowest Speed 750 | 100 105 750 Overloaded Moves . | . . . Propulsion Burnouts . | . . . Robots Hopped . | . . . Potential Cave-ins . | . . . Cave-ins Triggered . | . . . Exploration Rate (%) 16 | 3 24 23 Regions Visited 2 Branch Regions 1 Pre-discovered Areas 1 | . . 1 Known Exits Taken . | . . . Unknown Exits Taken 2 | 1 1 . Scrap Searched . | . . . Spaces Dug . | . . . Terrain Destroyed . | . . . Melee . | . . . Projectile . | . . . AOE . | . . . Terrain Rammed . | . . . Walls Destroyed . | . . . Machines Disabled . | . . . Actions | -11 -10 -10 --------- Run | Yrd Mat Sub Total 484 | 47 161 276 Wait 63 | . 10 53 Move 374 | 34 141 199 Hop . | . . . Pick Up 13 | 7 5 1 Fast Attach 1 | 1 . . Attach 8 | 5 1 2 Detach . | . . . Swap 1 | . 1 . Drop . | . . . Fire 24 | . 3 21 Melee . | . . . Ram . | . . . Kick . | . . . Crush . | . . . Escape Stasis . | . . . Rewire . | . . . Trap . | . . . Miscellaneous . | . . . Route ------- -11/Scrapyard -10/Materials -10/Subcaves (discovered 2 exits: [Scr x2]) History --------- Turn | Location | Event 26 | -11/Scrapyard | Discovered new exit (range 15) 40 | -11/Scrapyard | Entered Materials 41 | -10/Materials | Met a group of wandering Federalists 200 | -10/Materials | Discovered new exit (range 8) 208 | -10/Materials | Entered Subcaves 208 | -10/Subcaves | Accompanied by 2 allies 209 | -10/Subcaves | Continued accompanying wandering Federalists (3) 209 | -10/Subcaves | Approached by a straggling Scientist 221 | -10/Subcaves | Learned location of 1 exit from Materials 255 | -10/Subcaves | A swath of the cavern ceiling suddenly collapsed 315 | -10/Subcaves | Build established: Mutant 331 | -10/Subcaves | Learned location of Zion (-7) 331 | -10/Subcaves | Met a Zionite searching for "candidates" 413 | -10/Subcaves | Lost 4 allies 465 | -10/Subcaves | Scientist uncovered a shortcut to Scraptown 515 | -10/Subcaves | Ambushed by Subdweller buried in earth 515 | -10/Subcaves | Ambushed by Subdweller buried in earth 520 | -10/Subcaves | Core integrity fell below 50% 539 | -10/Subcaves | Core integrity fell below 20% 540 | -10/Subcaves | Destroyed by NJ-LQ8(R) with Subdweller Shrapnel Launcher Last Messages --------------- 00420_ Subatomizers dissect the Salvaging Laser. 00426_ Med. Laser destroyed. 00433_ Subatomizers dissect the Salvaging Laser. 00438_ 2N-IQR(R) destroyed. 00443_ Acquired Imp. Heat Sink. 00444_ Acquired 10 matter. 00448_ Subatomizers dissect the Salvaging Laser. 00465_ J6-Y2Q(c): "Hah, right again, there it is!" [Achievement: Nice Directions, Buddy] 00482_ J6-Y2Q(c) destroyed. 00484_ Sml. Laser destroyed. [Achievement: Do Not Disturb] 00516_ PC-T9K(R): "SLEEPOVER!" 00516_ US-N8Y(R): "ARGHSUB!" 00529_ Sml. Laser destroyed. 00533_ Com. Wheel destroyed. 00535_ I4-X06(R) destroyed. 00535_ Wheel destroyed. Map ----- +----------------------------------------------------+ | ?????# ##????????????????????????????????????? | | ????## "#?????????????????????????????????????? | | ????# ##" #???????????????????????????????????? | | ????## ##? > #?????????????????????????????????? | | ?????# #?? #????????????????????????????????? | | ????## #?? ?????????????????????????????????? | | ????# ##?## ?????????????????????????????????? | | ????## #???#???????????????????????????????????? | | ?????# ##???????????????????????????????????????? | | ?????# ##??????? ???????????????????????????????? | | ?????# ##???? ???????????????????????????????? | | ?????## ##??? ???????????????????????????????? | | ??????# #### ???????????????????????????????? | | ??????# ## ##?????????????????????????????? | | ??????## #? ##????????????????????????????? | | ???????## ###?# #####????????????????????????? | | ???????## #???# ##????##?????????????????? | | ???????# #???# ##??# #?????????????????? | | ???????# ##????# ### #?????????????????? | | ??????## ##?????# ;;; ;#?????????????????? | | ?????## ##???## ;#?????????????????? | | ????## #?### ;#?????????????????? | | ????# ### ;#?????????????????? | | ????# ##?????????????????? | | ????## % #?????????????????? | | ?????## R @ #??? #?????????? | | ??????## ### R ; % ## #??????????? | | ???????##??# ";; #?????????????? | | ???????????# ## #?????????????? | | ???????????# ####### """""#?????????????? | | ???????????## ##??### """"##?????????????? | | ???????????## ###"#; """" ""???????????????? | | ???????????# ## " R """""" ???????????????? | | ???????????# " " " "??????????????? | | ???????????## ## " ""??????????????? | | ????????????#" #? """"??????????????? | | ????????????#" """""##???????????????? | | ????????????# " "##????????????????? | | ????????????# ""#?????????????????? | | ????????????# " " ;; ##### #?????????????????? | | ????????????## # ########?????#?????????????????? | | ?????????????######??????????????????????????????? | | ?????????????????????????????????????????????????? | | ?????????????????????????????????????????????????? | | ?????????????????????????????????????????????????? | | ?????????????????????????????????????????????????? | | ?????????????????????????????????????????????????? | | ?????????????????????????????????????????????????? | | ?????????????????????????????????????????????????? | | ?????????????????????????????????????????????????? | +----------------------------------------------------+ Best States ------------- Heat Dissipation 25 Energy Generation 10 Energy Capacity 250 Matter Stores 300 Matter Capacity 300 Sight Range 16 Terrain Scan Density 10 Resistance: KI 20 Resistance: TH 20 Resistance: EX 20 Resistance: EM 20 Resistance: I 20 Resistance: S 20 Resistance: P 20 Evasion (%) 50 Offensive Hacking 10 Item Schematics ----------------- None Robot Schematics ------------------ None Fabricated ------------ Nothing Repaired ---------- Nothing Studied --------- None Alien Tech Used ----------------- None Achievements -------------- Do Not Disturb Nice Directions, Buddy Strength In Numbers Challenges ------------ None Game ------ Seed TripodMassInjector Manual? 0 Play Time 00:12:29 Cumulative 18.7 hours Start 2026.01.07 @ 19:36:44 End 2026.01.07 @ 21:30:16 Sessions 1 Manual Loads 0 Difficulty Adventurer Special Mode None Game No. 13 Rogue 0 Adventurer 13 Explorer 0 Win Type - Total 1 Types 0/0/0/1/0/0/0/0/0/0 Lore% 12 Gallery% 16 Achievement% 15 Wizard Run 0 Options --------- Layout 1 ASCII 0 Keyboard 0 Movement Mouse Keybinds 0 Fullscreen 1 Font 24/Smallcaps Map View 50x35 Zoom Use 0% Tactical HUD 1 Map Filters NONE Filters NONE Steam SD RUN: 5eb7a9c9-671c-4d7f-826f-e07b1a764ca2